 Dungeon Crawl Stone Soup version 0.30.1-9-gdf580d7c3d (webtiles) character file.

Game seed: 4152352534649184568

9 Chiseanne the Charlatan (level 2, 21/21 HPs)
             Began as a Demonspawn Wanderer on Oct 15, 2023.
             Quit the game on level 1 of the Dungeon.
             The game lasted 00:00:30 (636 turns).

Chiseanne the Charlatan (Demonspawn Wanderer)        Turns: 636, Time: 00:00:31

Health: 21/21      AC:  2    Str: 11    XL:     2   Next: 3%
Magic:  3/3        EV: 12    Int: 12    God:
Gold:   12         SH:  5    Dex: 14    Spells: 2/3 levels left

rFire   . . .        a - +2 quarterstaff
rCold   . . .        (shield currently unavailable)
rNeg    . . .        d - +0 robe
rPois   .            (helmet restricted)
rElec   .            (no cloak)
rCorr   .            (no gloves)
SInv    .            (no boots)
Will    .....        e - amulet of reflection
Stlth   +            (no ring)
HPRegen 0.23/turn    (no ring)
MPRegen 0.08/turn

%: reflection
@: no status effects
A: antennae 1
a: no special abilities


You were on level 1 of the Dungeon.
You visited 1 branch of the dungeon, and saw 1 of its levels.

You collected 12 gold pieces.

Inventory:

Hand Weapons
 a - a +2 quarterstaff (weapon)
Missiles
 f - 6 stones
Armour
 d - a +0 robe (worn)
Jewellery
 e - an amulet of reflection (around neck)
 i - an amulet of regeneration
Wands
 b - a wand of flame (4)
Scrolls
 c - a scroll of fog
 g - a scroll of poison {unknown}
Potions
 h - 2 potions of curing {unknown}


   Skills:
 * Level 1.1 Fighting
 - Level 1.7 Staves
 - Level 1.0 Throwing
 * Level 1.5 Dodging
 - Level 1.0 Spellcasting
 - Level 1.7 Ice Magic
 - Level 1.2 Invocations
 - Level 2.0 Evocations


You had 2 spell levels left.
You knew the following spells:

 Your Spells              Type           Power      Damage    Failure   Level
a - Freeze                Ice            16%        1d4       14%         1

Your spell library contained the following spells:

 Spells                   Type           Power      Damage    Failure   Level
 Hailstorm                Conj/Ice       2%         3d3       54%         3


Dungeon Overview and Level Annotations

Branches:
Dungeon (1/15)

Altars:


Innate Abilities, Weirdness & Mutations

You have a pair of small antennae on your head.


Message History

No target in view!
No target in view!
No target in view!
No target in view!
No target in view!
No target in view!
No target in view!
No target in view!
No target in view!
No target in view!
You see here a rat corpse.
A ball python comes into view.
The helpless ball python fails to defend itself.
You hit the ball python.
You kill the ball python!
No target in view!
No target in view!
No target in view!
No target in view!
No target in view!
No target in view!
No target in view!
No target in view!
No target in view!
No target in view!
No target in view!
No target in view!
No target in view!
No target in view!
No target in view!
A ball python comes into view.
The ball python hisses angrily.
You block the ball python's attack. x2
You sock the ball python!
You kill the ball python!
You have reached level 2!
You feel monstrous as your demonic heritage exerts itself.
Your demonic ancestry asserts itself...
A pair of antennae grows on your head!
Are you sure you want to abandon this character and quit the game? (Confirm with "yes".)

...†..# #.# #.#.#
......# #.# #.#.#
......# ####.# #.#.#
......# #....# #.#.#
......# #.#### #.#.#
......###.#######.#.#
..##..............#.#
..#####.###########.##
..#####.# #....@....#
........# #.#########
...###### .†.# ..##
..# ..#########
..........#
..........#


There were no monsters in sight!

Vanquished Creatures
  A giant cockroach (D:1)
  A hobgoblin (D:1)
  A kobold (D:1)
  A quokka (D:1)
  2 ball pythons (D:1)
  2 rats (D:1)
8 creatures vanquished.

Notes
Turn   | Place    | Note
-------+----------+-------------------------------------------
     0 | D:1      | Chiseanne the Demonspawn Wanderer began the quest for the
                  | Orb.
     0 | D:1      | Chiseanne set off with the following items: a +2
                  | quarterstaff, a wand of flame (4), a scroll of fog, a +0
                  | robe; and the following spell memorised: Freeze; and the
                  | following spells available to memorise: Hailstorm.
     0 | D:1      | Reached XP level 1. HP: 13/13 MP: 2/2
   539 | D:1      | Reached skill level 1 in Fighting
   636 | D:1      | Discovered your monstrous ancestry.
   636 | D:1      | Gained mutation: You have a pair of small antennae on your
                  | head. [demonic ancestry]
   636 | D:1      | Reached XP level 2. HP: 21/21 MP: 3/3
   636 | D:1      | Quit the game

Illustrated notes

Levels and vault maps discovered:
D:1:      roderic_octagonal_star, layout_basic

Skill      XL: |  1 |
---------------+----+-----
Fighting       | 1 |  1.1
Staves         | |  1.7
Throwing       | |  1.0
Dodging        | |  1.5
Spellcasting   | |  1.0
Ice Magic      | |  1.7
Invocations    | |  1.2
Evocations     | |  2.0

Action                     || total
---------------------------++-------
  Melee: Quarterstaff      ||    21
   Stab: Sleeping          ||     2
 Armour: Robe              ||     1
  Dodge: Dodged            ||     8
  Block: Other             ||     6
